 Dungeon Crawl Stone Soup version 0.14-a0-586-g2535b90 (webtiles) character file.

82 Malachi the Vexing (level 2, 0/19 HPs)
             Began as a Vampire Enchanter on Nov 3, 2013.
             Shot with a stone by a goblin (1 damage)
             ... on Level 2 of the Dungeon.
             The game lasted 00:01:36 (679 turns).

Malachi the Vexing (Vampire Enchanter)               Turns: 679, Time: 00:01:37

HP   0/19        AC  4     Str  7      XL: 2   Next: 79%
MP   5/5         EV 12     Int 17      God:
Gold 58          SH  0     Dex 14      Spells:  1 memorised,  2 levels left

Res.Fire  : . . .   See Invis. : +   a - +1 dagger
Res.Cold  : . . .   Warding    : .   b - +1 robe
Life Prot.: . . .   Conserve   : .   (no shield)
Res.Poison: .       Res.Corr.  : .   (no helmet)
Res.Elec. : .       Clarity    : .   (no cloak)
Sust.Abil.: . .     Spirit.Shd : .   k - +0 pair of gauntlets
Res.Mut.  : .       Stasis     : .   (no boots)
Res.Rott. : .       Flight     : .   (no amulet)
Saprovore : . . .                    (no ring)
                                     (no ring)

@: regenerating quickly, not resistant to hostile enchantments, stealthy
A: fangs 3, see invisible, unbreathing
a: no special abilities


You were on level 2 of the Dungeon.
You were very full.

You visited 1 branch of the dungeon, and saw 2 of its levels.

You collected 58 gold pieces.

Inventory:

Hand weapons
 a - a +1,+1 dagger (weapon)
Missiles
 d - 12 darts (quivered)
Armour
 b - a +1 robe (worn)
 k - a +0 pair of gauntlets (worn)
Scrolls
 f - a scroll of enchant weapon II {unknown}
 g - 5 scrolls of identify {unknown}
 i - 3 scrolls of remove curse {unknown}
 l - a scroll of curse weapon {unknown}
 n - a scroll of magic mapping {unknown}
Potions
 e - a potion of blood
 h - a potion of beneficial mutation {unknown}
 j - a potion of speed {unknown}
 m - a potion of agility {unknown}
 o - a potion of heal wounds {unknown}
Books
 c - a book of Maledictions

   Spells                             Type                      Level
   *Corona                            Hexes                        1
   Sure Blade                         Hexes/Charms                 2
   Ensorcelled Hibernation            Hexes/Ice                    2
   Confuse                            Hexes                        3
   Enslavement                        Hexes                        4
   Invisibility                       Hexes                        6


   Skills:
 + Level 0.1 Fighting
 * Level 1.9 Short Blades
 - Level 0.7 Throwing
 - Level 2.1 Dodging
 + Level 3.2 Stealth
 - Level 1.0 Spellcasting
 + Level 5.3 Hexes


You had 2 spell levels left.
You knew the following spells:

 Your Spells              Type           Power        Failure   Level  Hunger
a - Corona                Hex            ###....      2%          1    ##.....


Dungeon Overview and Level Annotations

Branches:
Dungeon (2/27)

Altars:


Innate Abilities, Weirdness & Mutations

Your natural rate of healing is unusually fast.
You have razor-sharp teeth.
You have supernaturally acute eyesight.
You can survive without breathing.


Message History

You completely miss the goblin. The goblin hits you but does no damage.
The giant newt bites you but does no damage.
You closely miss the goblin. The giant newt closely misses you.
The goblin barely misses you.
You hit the giant newt.
You kill the giant newt!
The goblin unwields an uncursed glowing sling.
The goblin barely misses you. The goblin hits you but does no damage.
You barely miss the goblin. The goblin hits you but does no damage.
The goblin barely misses you.
You closely miss the goblin. The goblin hits you.
* * * LOW HITPOINT WARNING * * *
The goblin hits you but does no damage.
You closely miss the goblin. The goblin hits you.
* * * LOW HITPOINT WARNING * * *
The goblin hits you with a dagger.
* * * LOW HITPOINT WARNING * * *
The goblin wields an uncursed glowing sling.
The goblin shoots a stone.
The stone hits you!
You die...

##. #?..# ##)..# ####..
#....####
.................?. ..
...... .....# # #. #....#
#....#.#.#
####.##....####....#.#.##
..............)@.g.......
#........###..#r#...#
####....!.....#g.#.#...###
#........%.................
#.##.<..#(########(....##.
.........#.g....≈##(....#
.........#g.g.≈≈≈###....#
##.#.....#.....≈≈# ....# #
#.....#..gg≈≈g+ ....#


You could see a quokka and 2 goblins.

Vanquished Creatures
  2 giant cockroaches (D:1)
  3 goblins
  4 hobgoblins
  3 bats
  A giant gecko (D:1)
  3 giant newts
  5 kobolds (D:1)
  2 rats (D:1)
23 creatures vanquished.

Notes
Turn   | Place    | Note
--------------------------------------------------------------
     0 | D:1      | Malachi, the Vampire Enchanter, began the quest for the Orb.
     0 | D:1      | Reached XP level 1. HP: 13/13 MP: 4/4
   263 | D:1      | Reached XP level 2. HP: 19/19 MP: 3/5
   294 | D:1      | Reached skill level 5 in Hexes
   679 | D:2      | Shot with a stone by a goblin

Action                   || total
-------------------------++-------
Melee: Dagger            ||    91
 Cast: Corona            ||    10
